 Dungeon Crawl Stone Soup version 0.18-a0-1764-gf4ddf0b (webtiles) character file.

250 M4edhros the Ducker (level 6, -1/59 HPs)
             Began as an Ogre Wanderer on Apr 13, 2016.
             Killed from afar by a kobold (5 damage)
             ... with a wand of flame
             ... on level 3 of the Dungeon.
             The game lasted 00:03:36 (2654 turns).

M4edhros the Ducker (Ogre Wanderer)                 Turns: 2654, Time: 00:03:36

Health: -1/59      AC:  4    Str: 19 (21) XL:     6   Next: 13%
Magic:  6/6        EV: 10    Int: 11      God:
Gold:   126        SH:  0    Dex:  6 (8)  Spells: 0 memorised, 5 levels left

rFire  . . .     SeeInvis +     y - +2 quarterstaff (chaos)
rCold  . . .     Gourm    .     f - +0 robe
rNeg   . . .     Faith    .     (shield currently unavailable)
rPois  .         Spirit   .     (helmet restricted)
rElec  .         Dismiss  .     A - +0 cloak
rCorr  .         Reflect  .     (gloves unavailable)
SustAt .         Harm     .     (boots unavailable)
MR     .....                    (no amulet)
Stlth  +.........               w - ring of see invisible
                                t - ring of flight

@: not resistant to hostile enchantments, very unstealthy
A: unfitting armour, tough skin 1
a: Evoke Flight


You were on level 3 of the Dungeon.
You were near starving.

You visited 1 branch of the dungeon, and saw 3 of its levels.

You collected 126 gold pieces.

Inventory:

Hand Weapons
 a - a +2 shortbow
 c - a +0 mace
 e - a +0 blowgun
 y - a +2 quarterstaff of chaos (weapon)
Missiles
 b - 32 arrows
 d - 27 poisoned needles
 m - 9 poisoned sling bullets
 o - 21 sling bullets
 p - 72 stones (quivered)
Armour
 f - a +0 robe (worn)
 A - a +0 cloak (worn)
Jewellery
 t - a ring of flight (left hand)
 w - a ring of see invisible (right hand)
Wands
 z - a wand of enslavement (7/24)
Scrolls
 k - 2 scrolls of teleportation {unknown}
 l - a scroll of magic mapping {unknown}
 n - 2 scrolls of recharging {unknown}
 q - a scroll of immolation {unknown}
 u - a scroll of identify {unknown}
 v - 2 scrolls of amnesia {unknown}
Potions
 j - a potion of might
Comestibles
 g - a bread ration
 h - a beef jerky
 r - a meat ration
 s - 3 fruits
 x - a slice of pizza


   Skills:
 - Level 2.6 Fighting
 - Level 2.6 Maces & Flails
 - Level 1.0 Bows
 - Level 1.0 Throwing
 + Level 6.1 Dodging
   Level 1.0 Shields


You had 5 spell levels left.
You didn't know any spells.

Dungeon Overview and Level Annotations

Branches:
Dungeon (3/15)

Altars:
Pakellas


Innate Abilities, Weirdness & Mutations

You are too large for most types of armour.
You have tough skin (AC +1).


Message History

You are engulfed in roaring flames.
You start resting.
HP restored.
You are engulfed in roaring flames.
You start resting.
You are near starving!
You start resting.
HP restored.
Really walk into that cloud of flame?
You are engulfed in roaring flames.
Really walk into that cloud of flame?
You are engulfed in roaring flames.
A goblin comes into view. It is wielding a club.
You are engulfed in roaring flames.
* * * LOW HITPOINT WARNING * * *
The goblin shouts!
A kobold comes into view.
The kobold shouts!
The kobold zaps a wand.
The puff of flame hits you!
You die...

#.####.####........
#.........#........
##........#........
######...#####....
#§§§# #.... . #.§§#
#..## K... #§.§# #..#
.....#######...#####..#
....g..@§§§..[..§§....#
.....#..§§§.....§§§..##
... ##.§§§.....§§§.## .
....#####...###### ###.
#§§§# #. #§§§# #. #§§§#
#. #...# ...##


You could see a goblin and a kobold.

Vanquished Creatures
  The ghost of epen the Pure, an amateur NaAK of Lugonu (D:3)
  A crimson imp (D:3)
  Crazy Yiuf (D:2)
  An iguana (D:3)
  An adder (D:3)
  An ooze (D:2)
  A dart slug (D:2)
  A worm (D:3)
  An orc (D:3)
  3 bats
  4 giant cockroaches
  5 goblins
  9 hobgoblins
  8 jackals
  3 kobolds
  3 giant newts
  4 rats
48 creatures vanquished.

Vanquished Creatures (others)
  2 bats (D:3)
2 creatures vanquished.

Grand Total: 50 creatures vanquished

Notes
Turn   | Place    | Note
--------------------------------------------------------------
     0 | D:1      | M4edhros the Ogre Wanderer began the quest for the Orb.
     0 | D:1      | M4edhros set off with: a +2 shortbow, 24 arrows, a +0 mace, 14 poisoned needles, a +0 blowgun, a +0 robe, a bread ration
     0 | D:1      | Reached XP level 1. HP: 22/22 MP: 1/1
   249 | D:1      | Reached skill level 3 in Dodging
   312 | D:1      | Reached XP level 2. HP: 27/29 MP: 2/2
   343 | D:1      | You fall through a shaft!
   783 | D:2      | Reached XP level 3. HP: 35/36 MP: 3/3
  1067 | D:2      | Found an oddly glowing altar of Pakellas.
  1067 | D:2      | Noticed a hungry ghost
  1192 | D:2      | Reached skill level 4 in Dodging
  1278 | D:2      | Noticed Crazy Yiuf
  1285 | D:2      | Killed Crazy Yiuf
  1285 | D:2      | Reached XP level 4. HP: 43/44 MP: 4/4
  1579 | D:3      | Noticed epen's ghost (amateur NaAK)
  1586 | D:3      | Killed epen's ghost
  1586 | D:3      | Reached skill level 5 in Dodging
  1586 | D:3      | Reached XP level 5. HP: 50/50 MP: 5/5
  1657 | D:3      | Reached skill level 6 in Dodging
  1657 | D:3      | Reached XP level 6. HP: 44/59 MP: 6/6
  1950 | D:3      | HP: 2/59 [something (15)]
  2654 | D:3      | Killed from afar by a kobold

Vault maps used:
D:1:      dpeg_arrival_long_road
D:2:      gammafunk_pakellas_cloud_experiment, uniq_crazy_yiuf_cottage
D:3:      kennysheep_goblin_castle, lemuel_flame_loot_1

Skill      XL: |  1  2  3  4  5 |
---------------+----------------+-----
Dodging        | 3 4 5 6 |  6.1
Fighting       | |  2.6
Maces & Flails | |  2.6
Bows           | |  1.0
Throwing       | |  1.0
Shields        | |  1.0

Action                   |  1- 3 |  4- 6 || total
-------------------------+-------+-------++-------
Melee: Quarterstaff      |       |    77 ||    77
 Fire: Shortbow          |    90 |       ||    90
  Use: Potion            |       |     7 ||     7
 Stab: Paralysed         |       |     1 ||     1
  Eat: Chunk             |       |     3 ||     3
       Royal jelly       |       |     1 ||     1
Armor: Robe              |    15 |    29 ||    44
Dodge: Dodged            |    17 |    32 ||    49
